 Dungeon Crawl Stone Soup version 0.30-a0-808-g6e0788376e (webtiles) character file.

Game seed: 3404402727304119804

18111 NinjaNoafa the Basher (level 12, -1/112 HPs)
             Began as a Minotaur Fighter on Feb 25, 2023.
             Was a High Priest of Okawaru.
             Slain by a cane toad simulacrum (3 damage)
             ... in an ice cave.
             The game lasted 01:10:58 (10502 turns).

NinjaNoafa the Basher (Minotaur Fighter)           Turns: 10502, Time: 01:10:58

Health: -1/112     AC: 26    Str: 24    XL:     12   Next: 24%
Magic:  20/20      EV:  5    Int:  8    God:    Okawaru [*****.]
Gold:   623        SH: 13    Dex: 12    Spells: 11/11 levels left

rFire   x . .      SeeInvis .    a - +0 morningstar
rCold   + . .      Faith    .    r - +0 kite shield of Cynicism {Int+3}
rNeg    . . .      Spirit   .    N - +1 plate armour of Oput {Drain +Inv Regen+}
rPois   .          Reflect  +    (helmet restricted)
rElec   .          Harm     .    C - +2 cloak
rCorr   .          Rampage  .    v - +2 pair of gloves
Will    .....                    (no boots) Stlth
                                 t - amulet of reflection
HPRegen 1.18/turn                q - ring of ice
MPRegen 0.17/turn                M - +4 ring of protection

@: studying Invocations, invisible
A: horns 2, retaliatory headbutt
a: Renounce Religion, Evoke Invisibility, Heroism, Finesse, Duel


You were in an ice cave.
You worshipped Okawaru.
Okawaru was extremely pleased with you.
You visited 3 branches of the dungeon, and saw 13 of its levels.
You also visited: Bailey and Ice Cave.

You collected 647 gold pieces.
You donated 24 gold pieces to Zin.

Inventory:

Hand Weapons
 a - a +0 morningstar (weapon)
 b - a +0 flail of protection
Missiles
 d - 2 curare-tipped darts
 f - 10 atropa-tipped darts
 m - 20 poisoned darts
 o - 2 datura-tipped darts
 S - a boomerang (quivered)
Armour
 r - the +0 kite shield of Cynicism (worn) {Int+3}
   (Okawaru gifted it to you on level 2 of the Lair of Beasts)

   Int:       It affects your intelligence (+3).
 v - a +2 pair of gloves (worn)
 C - a +2 cloak (worn)
 N - the +1 plate armour of Oput (worn) {Drain +Inv Regen+}
   (You found it on level 8 of the Dungeon)

   +Inv:      It lets you turn invisible.
   Regen:     It increases your rate of health regeneration.
   Drain:     It drains your maximum health when unequipped.
Jewellery
 q - a ring of ice (left hand)
 t - an amulet of reflection (around neck)
 H - a +6 ring of dexterity
 M - a +4 ring of protection (right hand)
 P - a ring of positive energy
Wands
 p - a wand of paralysis (20)
 A - a wand of light (19)
 E - a wand of iceblast (6)
Scrolls
 g - 5 scrolls of fog
 k - a scroll of vulnerability
 n - 4 scrolls of teleportation
 s - 3 scrolls of noise
 u - a scroll of immolation
 x - 2 scrolls of fear {unknown}
 y - a scroll of acquirement {unknown}
 B - a scroll of amnesia {unknown}
 D - a scroll of silence {unknown}
 F - a scroll of summoning {unknown}
 G - a scroll of magic mapping
 J - a scroll of torment {unknown}
 L - a scroll of brand weapon {unknown}
 Q - a scroll of blinking
Potions
 e - 2 potions of curing
 h - 4 potions of lignification
 i - 2 potions of flight
 j - 4 potions of cancellation
 l - 3 potions of haste
 w - a potion of invisibility
 z - 4 potions of attraction
 I - 2 potions of brilliance {unknown}
 K - a potion of degeneration {unknown}
 O - 2 potions of heal wounds {unknown}
 R - a potion of magic {unknown}


   Skills:
 - Level 12.0 Fighting
 + Level 14.6 Maces & Flails
 - Level 10.0 Armour
 - Level 4.0 Shields
 - Level 12.0 Invocations
 - Level 6.0 Evocations


You had 11 spell levels left.
You didn't know any spells.
Your spell library contained the following spells:

 Spells                   Type           Power      Damage    Failure   Level
 Magic Dart               Conj           0%         1d3       100%        1
 Sting                    Tmut/Pois      0%         1d3       100%        1
 Lesser Beckoning         Tloc           0%         N/A       100%        2
 Poisonous Vapours        Pois/Air       0%         N/A       100%        2
 Sublimation of Blood     Necr           0%         N/A       100%        2
 Wereblood                Tmut           0%         N/A       100%        2
 Gell's Gravitas          Tloc           0%         N/A       100%        3
 Ignite Poison            Fire/Tmut/Pois 0%         N/A       100%        3
 Kindle Blastsparks       Fire/Tloc/Air  0%         2d10      100%        3
 Mephitic Cloud           Conj/Pois/Air  0%         N/A       100%        3
 Teleport Other           Tloc           0%         N/A       100%        3
 Cause Fear               Hex            0%         N/A       100%        4
 Olgreb's Toxic Radiance  Pois           0%         N/A       100%        4
 Freezing Cloud           Conj/Ice/Air   0%         6-21      100%        5
 Dispersal                Tloc           0%         N/A       100%        6
 Dragon Form              Tmut           0%         N/A       100%        7
 Call Imp                 Summ           Unusable   N/A       N/A         2
 Summon Hydra             Summ           Unusable   N/A       N/A         7
 Dragon's Call            Summ           Unusable   N/A       N/A         9

Dungeon Overview and Level Annotations

Branches:
Dungeon (10/15)            Temple (1/1) D:5            Lair (2/5) D:9
 Shoals (0/4) Lair:2       Spider (0/4) Lair:2       Bailey (visited)
  IceCv (1/1)
    Orc: D:9-12

Altars:
Ashenzari
Cheibriados
Dithmenos
Elyvilon
Fedhas
Gozag
Hepliaklqana
Kikubaaqudgha
Makhleb
Nemelex Xobeh
Okawaru
Qazlal
Ru
Sif Muna
Trog
Uskayaw
Vehumet
Wu Jian
Xom
Yredelemnul
Zin
The Shining One

Annotations:
D:4 3 runed translucent doors, Jeffwins's ghost, amateur HuWn


Innate Abilities, Weirdness & Mutations

You have a pair of horns on your head.
You reflexively headbutt those who attack you in melee.


Message History

The freezing wraith hits you but does no damage.
You block the freezing wraith's attack.
The cane toad simulacrum barely misses you.
You block the death yak simulacrum's attack.
You block the cane toad simulacrum's attack.
You block the freezing wraith's attack. The freezing wraith barely misses you.
The death yak simulacrum gores you. The death yak simulacrum freezes you!
You resist.
The three-headed hydra simulacrum bites you but does no damage.
You block the three-headed hydra simulacrum's attack.
The three-headed hydra simulacrum bites you.
The three-headed hydra simulacrum freezes you!
You resist.
You barely miss the cane toad simulacrum.
You headbutt the cane toad simulacrum, but do no damage.
The death yak simulacrum gores you! The death yak simulacrum freezes you!!
You resist.
* * * LOW HITPOINT WARNING * * *
The three-headed hydra simulacrum bites you but does no damage.
You block the three-headed hydra simulacrum's attack.
The three-headed hydra simulacrum bites you.
* * * LOW HITPOINT WARNING * * *
The three-headed hydra simulacrum freezes you!!
You resist.
* * * LOW HITPOINT WARNING * * *
You block the cane toad simulacrum's attack.
You fade into invisibility!
The death yak simulacrum gores you but does no damage.
The three-headed hydra simulacrum barely misses you.
The three-headed hydra simulacrum bites you but does no damage.
The three-headed hydra simulacrum bites you.
* * * LOW HITPOINT WARNING * * *
The three-headed hydra simulacrum freezes you!
You resist.
* * * LOW HITPOINT WARNING * * *
You block the cane toad simulacrum's attack.
The cane toad simulacrum hits you!
* * * LOW HITPOINT WARNING * * *
The cane toad simulacrum freezes you. You resist.
You die...

#######
##..∩..##
##.Z@∩...##
##..ZZZ....#
#....W......#
#...........#
#...........#
#.............#
#....8...8....#
#......(......#
##....$?}....#


You could see a freezing wraith, a three-headed hydra simulacrum (unable to see
you), a death yak simulacrum (unable to see you) and 2 cane toad simulacra.

Vanquished Creatures
  Fannar (D:10)
  A vault guard (Bailey)
  A hydra (Lair:2)
  A centaur warrior (D:10)
  An ugly thing (D:9)
  2 cane toads
  2 komodo dragons (Lair:1)
  An unseen horror (D:8)
  A tengu conjurer (D:10)
  2 trolls (D:10)
  Prince Ribbit (Bailey)
  3 blink frogs (Lair:1)
  Sigmund (D:5)
  A shadow (D:10)
  6 humans (Bailey)
  27 yaks
  8 fire bats (Lair:1)
  A wyvern (D:8)
  A fire elemental (Lair:1)
  4 vampire mosquitoes (D:10)
  A steam dragon (D:9)
  5 water moccasins
  Duvessa (D:5)
  3 black bears
  A sky beast (D:7)
  4 orc warriors
  5 wolves (Lair:1)
  2 ogres (D:5)
  2 phantoms (D:5)
  6 centaurs
  A kobold brigand (D:8)
  3 gnoll sergeants
  A necrophage (D:7)
  17 bullfrogs
  A cane toad simulacrum (Lair:2)
  A scorpion (Temple)
  Dowan (D:5)
  7 howler monkeys
  An orc priest (D:7)
  4 hounds
  3 jellies
  A gnoll bouda (D:6)
  6 iguanas
  8 orc wizards
  Natasha (twice) (D:3)
  2 polar bear simulacra (Lair:2)
  2 wolf simulacra (Lair:2)
  18 gnolls
  9 adders
  A white imp (D:4)
  An ufetubus (D:4)
  2 worms
  5 dart slugs
  32 orcs
  4 bats
  3 endoplasms
  2 giant cockroaches
  8 goblins
  8 hobgoblins
  2 jackals (D:5)
  4 quokkas
  9 ball pythons
  7 frilled lizards
  10 kobolds
  8 rats
290 creatures vanquished.

Vanquished Creatures (others)
  A quokka (D:3)
  9 fungi
  7 plants
17 creatures vanquished.

Grand Total: 307 creatures vanquished

Notes
Turn   | Place    | Note
-------+----------+-------------------------------------------
     0 | D:1      | NinjaNoafa the Minotaur Fighter began the quest for the
                  | Orb.
     0 | D:1      | Reached XP level 1. HP: 19/19 MP: 0/0
   217 | D:1      | Reached skill level 3 in Maces & Flails
   373 | D:1      | Reached XP level 2. HP: 26/26 MP: 1/1
   750 | D:2      | Reached skill level 4 in Maces & Flails
   940 | D:2      | Reached XP level 3. HP: 15/31 MP: 2/2
  1238 | D:2      | Reached skill level 5 in Maces & Flails
  1377 | D:3      | Reached XP level 4. HP: 33/39 MP: 3/3
  1586 | D:3      | Reached skill level 6 in Maces & Flails
  1677 | D:3      | Found a radiant altar of Vehumet.
  1712 | D:3      | Noticed Natasha
  1715 | D:3      | Killed Natasha
  1716 | D:3      | Reached XP level 5. HP: 45/45 MP: 4/4
  1761 | D:3      | Noticed Natasha
  1767 | D:3      | Killed Natasha
  1790 | D:4      | Reached skill level 7 in Maces & Flails
  1899 | D:4      | Noticed a black bear
  1906 | D:4      | Killed a black bear
  1907 | D:4      | Reached XP level 6. HP: 46/51 MP: 5/5
  1912 | D:4      | Reached skill level 8 in Maces & Flails
  1964 | D:4      | Found a runed translucent gate.
  1964 | D:4      | Found a runed translucent gate.
  1964 | D:4      | Found a runed translucent gate.
  1964 | D:4      | Noticed Jeffwins's ghost (amateur HuWn)
  2020 | D:4      | Reached skill level 9 in Maces & Flails
  2215 | D:4      | Reached XP level 7. HP: 38/57 MP: 6/6
  2430 | D:5      | Entered Level 5 of the Dungeon
  2434 | D:5      | Noticed Duvessa
  2622 | D:5      | Noticed Dowan
  2626 | D:5      | Killed Dowan
  2667 | D:5      | Killed Duvessa
  2741 | D:5      | Found a glowing silver altar of Zin.
  2766 | D:5      | Became a worshipper of Zin the Law-Giver
  2766 | D:5      | Reached * piety under Zin
  2799 | D:5      | Reached skill level 5 in Fighting
  2820 | D:5      | Reached skill level 5 in Armour
  2820 | D:5      | Reached skill level 1 in Invocations
  2876 | D:5      | Found a staircase to the Ecumenical Temple.
  2886 | Temple   | Entered the Ecumenical Temple
  2893 | Temple   | Reached XP level 8. HP: 68/69 MP: 7/9
  2956 | D:5      | Noticed Sigmund
  2967 | D:5      | Killed Sigmund
  3428 | D:6      | Reached skill level 10 in Maces & Flails
  3491 | D:6      | Reached skill level 1 in Evocations
  3804 | D:7      | Reached XP level 9. HP: 42/75 MP: 12/12
  3876 | D:7      | Reached skill level 11 in Maces & Flails
  3930 | D:7      | Found a flagged portal.
  3945 | Bailey   | Entered a bailey
  4012 | Bailey   | Reached skill level 12 in Maces & Flails
  4018 | Bailey   | Reached skill level 5 in Evocations
  4284 | Bailey   | Reached skill level 13 in Maces & Flails
  4317 | Bailey   | Noticed Prince Ribbit
  4317 | Bailey   | Noticed a vault guard
  4346 | Bailey   | Killed a vault guard
  4347 | Bailey   | Reached skill level 14 in Maces & Flails
  4347 | Bailey   | Reached XP level 10. HP: 15/83 MP: 13/13
  4357 | Bailey   | HP: 3/83 [Prince Ribbit (10)]
  4598 | Bailey   | Killed Prince Ribbit
  4633 | Bailey   | Noticed a vault guard
  5567 | D:6      | Found an iron altar of Okawaru.
  5579 | D:6      | Fell from the grace of Zin
  5579 | D:6      | Became a worshipper of Warmaster Okawaru
  6493 | D:8      | Found a snail-covered altar of Cheibriados.
  6537 | D:8      | Found a blossoming altar of Fedhas.
  6542 | D:8      | Found a stormy altar of Qazlal.
  6633 | D:8      | Found a shadowy altar of Dithmenos.
  6672 | D:8      | Reached * piety under Okawaru
  6769 | D:8      | Identified the +1 plate armour of Oput {Drain +Inv Regen+}
  7637 | D:9      | Noticed a white ugly thing
  7690 | D:9      | Killed a white ugly thing
  7836 | D:8      | Reached ** piety under Okawaru
  7863 | D:9      | Reached XP level 11. HP: 97/97 MP: 16/16
  7995 | D:9      | Reached *** piety under Okawaru
  8417 | D:9      | Found a staircase to the Lair.
  8506 | D:10     | Entered Level 10 of the Dungeon
  8555 | D:10     | Found an opulent altar of Gozag.
  8555 | D:10     | Noticed a centaur warrior
  8571 | D:10     | Killed a centaur warrior
  8572 | D:10     | Reached skill level 10 in Fighting
  8680 | D:10     | Reached **** piety under Okawaru
  8702 | D:10     | Reached skill level 10 in Armour
  8809 | D:10     | Noticed Fannar
  8831 | D:10     | Killed Fannar
  8838 | D:10     | Found a shimmering blue altar of Sif Muna.
  8964 | D:10     | Found a shimmering altar of Xom.
  9474 | Lair:1   | Entered Level 1 of the Lair of Beasts
  9519 | Lair:1   | Reached skill level 10 in Invocations
  9677 | Lair:1   | Reached ***** piety under Okawaru
 10042 | Lair:1   | Reached XP level 12. HP: 112/112 MP: 19/19
 10283 | Lair:2   | Noticed a six-headed hydra
 10294 | Lair:2   | Killed a six-headed hydra
 10326 | Lair:2   | Found a hole to the Spider Nest.
 10409 | Lair:2   | Found a staircase to the Shoals.
 10416 | Lair:2   | Identified the +0 kite shield of Cynicism {Int+3} (Okawaru
                  | gifted it to you on level 2 of the Lair of Beasts)
 10416 | Lair:2   | Received a gift from Okawaru
 10464 | Lair:2   | Found a frozen archway.
 10492 | IceCv    | Entered an ice cave
 10502 | IceCv    | HP: 2/112 [cane toad simulacrum (11)]
 10502 | IceCv    | Slain by a cane toad simulacrum

Illustrated notes

Levels and vault maps discovered:
D:1:      dpeg_arrival_refuge, layout_basic, minmay_misc_feat_diagonals
D:2:      layout_loops_ring, st_stairs_10
D:3:      layout_basic, fiery_altar_vehumet, st_stairs_12, uniq_natasha
D:4:      layout_gridville, gammafunk_ghost_necromancy, minmay_manual_maat
D:5:      layout_cave_pools, lemuel_tele_altar, minmay_temple_entry_sparse_star,
          hangedman_decor_peaks_small, uniq_duvessa, uniq_sigmund
D:6:      layout_basic, okawaru_trees_2
D:7:      layout_cave_pods, enter_bailey_6
D:8:      layout_layer_cave, grunt_temple_overflow_forces_of_nature,
          slow_altar_1, mainiacjoe_overflow_concentric_impassable,
          lemuel_flame_loot_1
D:9:      layout_loops_ring, lair_entry_dummy, minivault_26,
          nicolae_fountain_basement
D:10:     layout_stronghold, general_overflow_altar, hangedman_feature_mirror,
          minmay_misc_feat_x, uniq_fannar
Temple:   nicolae_temple_bog_church
Lair:1:   layout_gridlike
Lair:2:   layout_small_grid, minmay_shoals_entry_centaurs,
          spider_nest_entry_funnel_web, portal_ice_cave_entry_ice_simulacra
IceCv:    ice_cave_statue_garden_transporter

Skill      XL: |  1  2  3  4  5  6  7  8  9 10 11 12 |
---------------+-------------------------------------+-----
Maces & Flails | 3 4 5 6 7 9 10 14 | 14.6
Fighting       | 5 6 9 11 12 | 12.0
Armour         | 5 8 10 | 10.0
Shields        | 4 |  4.0
Invocations    | 2 6 8 11 12 | 12.0
Evocations     | 3 5 6 |  6.0

Action                     |  1- 3 |  4- 6 |  7- 9 | 10-12 || total
---------------------------+-------+-------+-------+-------++-------
  Melee: Flail             |    99 |    92 |   277 |   526 ||   994
         Headbutt          |    12 |    12 |    49 |   144 ||   217
         Morningstar       |       |       |       |    91 ||    91
  Throw: Boomerang         |       |       |       |     4 ||     4
         Dart              |       |       |       |     1 ||     1
 Invoke: Recite            |       |       |     9 |     1 ||    10
         Heroism           |       |       |       |     2 ||     2
         Finesse           |       |       |       |     1 ||     1
  Evoke: Wand              |       |       |     1 |     1 ||     2
    Use: Potion            |       |     1 |     3 |     5 ||     9
         Scroll            |       |       |     8 |    12 ||    20
 Armour: Scale mail        |    49 |       |       |       ||    49
         Plate armour      |       |    71 |    89 |   327 ||   487
         Chain mail        |       |       |    83 |    69 ||   152
  Dodge: Dodged            |    51 |    32 |    93 |   171 ||   347
  Block: Buckler           |    24 |    20 |    94 |   313 ||   451
         Reflection        |       |       |       |     1 ||     1
         Kite shield       |       |       |       |    22 ||    22

Table legend: (Time is in decaauts)
 A = Elapsed time spent in this place.
 B = Non-inter-level travel time spent in this place.
 C = Inter-level travel time spent in this place.
 D = Time resting spent in this place.
 E = Time spent auto-exploring this place.
 F = Levels seen in this place.
 G = Mean time per level.
                   A        B        C        D        E       F      G
               +--------+--------+--------+--------+--------+-----+--------+
         Total |  10346 |   9496 |    850 |   1087 |   4451 |  15 |  689.7 |
       Dungeon |   8504 |   7730 |    774 |    703 |   3949 |  10 |  850.4 |
        Temple |    168 |    146 |     22 |      0 |     81 |   1 |  168.0 |
          Lair |    983 |    930 |     53 |      0 |    383 |   2 |  491.5 |
        Bailey |    680 |    680 |      0 |    384 |     38 |   1 |  680.0 |
      Ice Cave |      9 |      9 |      0 |      0 |      0 |   1 |    9.0 |
               +--------+--------+--------+--------+--------+-----+--------+

Top non-repeatable levels by time:
     D:8: 1693 daAuts
     D:7: 1238 daAuts
    D:10: 922 daAuts
     D:4: 810 daAuts
     D:6: 764 daAuts
  Lair:1: 747 daAuts
     D:1: 706 daAuts
     D:9: 702 daAuts
  Bailey: 680 daAuts
     D:2: 609 daAuts
     D:5: 560 daAuts
     D:3: 495 daAuts
  Lair:2: 236 daAuts
  Temple: 168 daAuts
   IceCv: 9 daAuts
